 Dungeon Crawl Stone Soup version 0.27-a0-1187-ge80a49f48c (webtiles) character file.

Game seed: 8146404485947177736

2254 Froggeryz the Grappler (level 9, -5/74 HPs)
             Began as a Pale Draconian Berserker on May 20, 2021.
             Was an Elder of Trog.
             Engulfed by a cloud of freezing vapour (45 damage)
             ... on level 7 of the Dungeon.
             The game lasted 00:06:16 (5918 turns).

Froggeryz the Grappler (Pale Draconian Berserker)   Turns: 5918, Time: 00:06:17

Health: -5/74      AC:  8    Str: 22    XL:     9   Next: 15%
Magic:  0/9        EV: 13    Int:  7    God:    Trog [****..]
Gold:   117        SH:  0    Dex: 12    Spells: 8/8 levels left

rFire    . . .     SeeInvis .     - Unarmed
rCold    . . .     Faith    .   (no shield)
rNeg     . . .     Spirit   +   (armour unavailable)
rPois    .         Reflect  .   (helmet restricted)
rElec    +         Harm     .   (no cloak)
rCorr    .         Rampage  .   (no gloves)
Will     .....                  f - +0 pair of boots
Stlth    +.........             a - amulet of Qazlal's Inspiration {Spirit rElec Slay+5}
HPRegen  0.22/turn              k - ring of flight
MPRegen  0.11/turn              (no ring)

@: flying, very slightly contaminated, slowed, invisible, very slow
A: breathe steam, AC +7, unfitting armour, cold-blooded, steam resistance
a: Breathe Steam, Renounce Religion, Berserk, Trog's Hand, Brothers in Arms


You were on level 7 of the Dungeon.
You worshipped Trog.
Trog was greatly pleased with you.
You visited 2 branches of the dungeon, and saw 8 of its levels.

You collected 326 gold pieces.
You spent 209 gold pieces at shops.

Inventory:

Missiles
 d - 19 poisoned darts (quivered)
 e - 6 atropa-tipped darts
 i - a throwing net
 r - 7 curare-tipped darts
Armour
 f - a +0 pair of boots (worn)
 p - a +1 kite shield
Jewellery
 a - the amulet of Qazlal's Inspiration (around neck) {Spirit rElec Slay+5}
   (You acquired it on level 2 of the Dungeon)

   [amulet of guardian spirit]

   It causes incoming damage to be divided between your reserves of health and
   magic.
   It affects your accuracy and damage with ranged weapons and melee attacks
   (+5).
   It insulates you from electricity.
 k - a ring of flight (left hand)
Wands
 g - a wand of paralysis (13)
 o - a wand of flame (15)
 q - a wand of polymorph (11)
Scrolls
 b - 5 scrolls of teleportation
 l - 2 scrolls of holy word {unknown}
 n - a scroll of enchant armour
 x - a scroll of magic mapping
Potions
 c - 3 potions of curing
 h - 3 potions of lignification {unknown}
 j - a potion of might {unknown}
 s - 3 potions of ambrosia {unknown}
 v - 2 potions of invisibility
 w - a potion of heal wounds


   Skills:
 + Level 5.5 Fighting
 - Level 4.1 Dodging
 * Level 10.8 Unarmed Combat
 - Level 3.3 Evocations


You had 8 spell levels left.
You didn't know any spells.
Your spell library was empty.

Dungeon Overview and Level Annotations

Branches:
Dungeon (7/15)             Temple (1/1) D:4

Altars:
Ashenzari
Cheibriados
Elyvilon
Fedhas
Gozag
Nemelex Xobeh
Yredelemnul
The Shining One

Shops:
D:2 [   D:5 *   D:7 (


Innate Abilities, Weirdness & Mutations

You can breathe blasts of scalding, opaque steam.
Your pale cyan-grey scales are hard. (AC +7)
You cannot fit into any form of body armour.
You are cold-blooded and may be slowed by cold attacks.
You are immune to the effects of steam.


Message History

An ice beast comes into view.
An ice beast is nearby!
The ice beast barely misses you.
You pummel the ice beast!!
The ice beast is severely wounded.
The ice beast hits you but does no damage.
You punch the ice beast!
You kill the ice beast!
Trog accepts your kill.
You start waiting.
You feel yourself speed up.
You recover from your berserk rage.
Found an embroidered scarf and 24 stones.
Found two stone staircases leading down.
Found a stone staircase leading up.
There is a stone staircase leading up here.
You now have 117 gold pieces (gained 14).
Found a papyrus book.
Found Ulu Kyfu's Weapon Shop.
There is an entrance to Ulu Kyfu's Weapon Shop here.
You reach down and open the door.
Really fly into a travel-excluded area?
There is an open door here.
There is an open door here.
Okay, then.
Really fly into a travel-excluded area?
There is an open door here.
You are engulfed in freezing vapours.
You feel yourself slow down.
It was a potion of invisibility.
You fade into invisibility!
You feel as though you will be slow longer.
You are very lightly contaminated with residual magic.
Blink to where?
Press: ? - help, Dir - move target
As you read the scroll of blinking, it crumbles to dust.
You feel as though you will be slow longer.
* * * LOW HITPOINT WARNING * * *
Okay, then.
You feel much better.
Ouch! That really hurt!
You die...

.## #.##.#.#.# ..#####
#.##.#§#.# ......#
#.##.#§#.# #.#.#.##
#.##§#§#.#
#.#.#..######.##§#§#.#
#.#.#..##.....##§#.#.##
#.#.#.....(....#§#.#..#
#.#.#.#........#§#.##...
......#........#@#.## .
..##..(........#§#.##
#..####........#§..##
...............######
#...###.........#####
###..##....)....#
#.............#
##:...........#
##...........#


There were no monsters in sight!

Vanquished Creatures
  Maggie (D:7)
  Prince Ribbit (D:5)
  Sigmund (D:2)
  A wyvern (D:5)
  3 ice beasts (D:7)
  2 sky beasts
  An ogre (D:6)
  A wyvern skeleton (D:6)
  3 scorpions
  A howler monkey (D:7)
  A centaur zombie (D:7)
  A bullfrog zombie (D:6)
  3 hounds
  A jelly (D:4)
  A gnoll shaman (D:5)
  An orc priest (D:6)
  4 iguanas
  Natasha (twice) (D:3)
  A scorpion zombie (D:5)
  4 hound skeletons
  8 gnolls
  A howler monkey zombie (D:6)
  2 adders
  An ufetubus (D:6)
  A worm (D:3)
  2 dart slugs
  7 orcs
  3 endoplasms
  5 giant cockroaches
  5 goblins
  6 hobgoblins
  4 jackals (D:1)
  11 kobolds
  2 quokkas (D:2)
  7 ball pythons
  4 bats
  2 frilled lizards
  8 rats
113 creatures vanquished.

Vanquished Creatures (others)
  12 fungi (D:6)
12 creatures vanquished.

Grand Total: 125 creatures vanquished

Notes
Turn   | Place    | Note
-------+----------+-------------------------------------------
     0 | D:1      | Froggeryz the Draconian Berserker began the quest for the
                  | Orb.
     0 | D:1      | Reached XP level 1. HP: 19/19 MP: 1/1
   188 | D:1      | Reached XP level 2. HP: 26/26 MP: 2/2
   468 | D:1      | Reached skill level 4 in Unarmed Combat
   558 | D:1      | Reached ** piety under Trog
   796 | D:1      | Reached XP level 3. HP: 31/31 MP: 3/3
  1018 | D:2      | Found Darph's Armour Emporium.
  1124 | D:2      | Noticed Sigmund
  1141 | D:2      | Killed Sigmund
  1142 | D:2      | Reached skill level 6 in Unarmed Combat
  1142 | D:2      | Reached XP level 4. HP: 15/38 MP: 4/4
  1142 | D:2      | Reached XP level 5. HP: 17/45 MP: 5/5
  1907 | D:2      | Identified a scroll of acquirement
  1907 | D:2      | Acquired the amulet of Qazlal's Inspiration {Spirit rElec
                  | Slay+5}
  1981 | D:3      | Noticed Natasha
  1985 | D:3      | Killed Natasha
  2249 | D:3      | Noticed Natasha
  2254 | D:3      | Killed Natasha
  2628 | D:4      | Found a broken altar of Ashenzari.
  2641 | D:4      | Reached XP level 6. HP: 51/51 MP: 4/6
  2672 | D:4      | Reached *** piety under Trog
  3002 | D:4      | Reached skill level 7 in Unarmed Combat
  3357 | D:4      | Found a staircase to the Ecumenical Temple.
  3366 | Temple   | Entered the Ecumenical Temple
  3481 | D:5      | Entered Level 5 of the Dungeon
  3629 | D:5      | Noticed Prince Ribbit
  3636 | D:5      | Killed Prince Ribbit
  3637 | D:5      | Reached skill level 8 in Unarmed Combat
  3637 | D:5      | Your scales start taking on a pale cyan-grey colour.
  3637 | D:5      | Reached XP level 7. HP: 49/57 MP: 5/7
  3637 | D:5      | Gained mutation: You are immune to the effects of steam.
                  | [Pale Draconian growth]
  3819 | D:5      | Reached skill level 1 in Evocations
  3882 | D:5      | Found Kakhlien's Assorted Antiques.
  3891 | D:5      | Bought 2 sedimented green potions for 46 gold pieces
  3891 | D:5      | Bought 2 grey potions for 46 gold pieces
  3891 | D:5      | Bought a scroll labelled UTEHEU SAXO for 26 gold pieces
  3891 | D:5      | Bought a scroll of magic mapping for 91 gold pieces
  4121 | D:5      | Found an opulent altar of Gozag.
  4417 | D:5      | Found a faded altar of an unknown god.
  4484 | D:6      | Noticed a wyvern
  4494 | D:5      | Killed a wyvern
  4495 | D:5      | Reached skill level 9 in Unarmed Combat
  4495 | D:5      | Reached XP level 8. HP: 63/63 MP: 6/8
  4726 | D:6      | Found a glowing golden altar of the Shining One.
  5059 | D:6      | Found a basalt altar of Yredelemnul.
  5525 | D:6      | Found a white marble altar of Elyvilon.
  5648 | D:7      | Reached skill level 10 in Unarmed Combat
  5698 | D:7      | Noticed Maggie
  5710 | D:7      | Killed Maggie
  5711 | D:7      | Reached skill level 5 in Fighting
  5711 | D:7      | Reached XP level 9. HP: 74/74 MP: 7/9
  5711 | D:7      | Reached **** piety under Trog
  5851 | D:7      | Found Ulu Kyfu's Weapon Shop.
  5918 | D:7      | Engulfed by a cloud of freezing vapour

Illustrated notes

Levels and vault maps discovered:
D:1:      dpeg_arrival_pond, layout_loops_ring, minmay_pentomino_s2
D:2:      layout_basic, serial_shops, nicolae_shop_stone, minmay_tiny_reverse_x,
          uniq_sigmund
D:3:      layout_basic, uniq_natasha
D:4:      layout_rooms, ashenzari_altar_1, minmay_temple_entry_poolview,
          serial_rivers, chequers_serial_rivers_small_3,
          chequers_serial_rivers_large_b, chequers_serial_rivers_large_a,
          chequers_serial_rivers_micro_e
D:5:      layout_cave_pools, nicolae_gozag_seed_capital, serial_column_ruins,
          column_ruins_temple_hut, column_ruins_columns_straight,
          column_ruins_columns_T, column_ruins_columns_corner,
          column_ruins_columns_straight, column_ruins_corridor_water,
          column_ruins_grid_1, column_ruins_columns_plus, serial_shops,
          shop_fountains, uniq_prince_ribbit1
D:6:      layout_rooms, lemuel_coloured_pillars_altar, lemuel_round_altar,
          overflow_temple_1_default, serial_aquarium, aquarium_bridge_square
          [aquarium_subvault_window, aquarium_subvault_wall,
          aquarium_subvault_bridge, aquarium_subvault_bridge],
          aquarium_bridge_long_joined [aquarium_subvault_window,
          aquarium_subvault_wall, aquarium_subvault_wall,
          aquarium_subvault_bridge, aquarium_subvault_window,
          aquarium_subvault_bridge], aquarium_window_corridor_2,
          aquarium_window_corner, aquarium_window_corner, aquarium_window_2,
          aquarium_view_2a, aquarium_pool_double
D:7:      lemuel_ice_spiral_2, layout_rooms, kennysheep_little_box,
          serial_shops, shop, minmay_misc_feat_rows, uniq_maggie
Temple:   nicolae_temple_figure_eight

Skill      XL: |  1  2  3  4  5  6  7  8 |
---------------+-------------------------+-----
Unarmed Combat | 4 6 8 9 10 | 10.8
Dodging        | 4 |  4.1
Evocations     | 2 3 |  3.3
Fighting       | 5 |  5.5

Action                   |  1- 3 |  4- 6 |  7- 9 || total
-------------------------+-------+-------+-------++-------
Melee: Unarmed           |   117 |    82 |   106 ||   305
       Tailslap          |    14 |    12 |    12 ||    38
       Punch             |       |     4 |     2 ||     6
Invok: Berserk           |     1 |       |     2 ||     3
 Abil: Breathe Steam     |       |       |     1 ||     1
  Use: Scroll            |       |     5 |    10 ||    15
       Potion            |       |       |     2 ||     2
 Stab: Sleeping          |       |     1 |       ||     1
Armor: Skin              |    40 |    17 |    26 ||    83
Dodge: Dodged            |    72 |    49 |    67 ||   188

Table legend: (Time is in decaauts)
 A = Elapsed time spent in this place.
 B = Non-inter-level travel time spent in this place.
 C = Inter-level travel time spent in this place.
 D = Time resting spent in this place.
 E = Time spent auto-exploring this place.
 F = Levels seen in this place.
 G = Mean time per level.
                   A        B        C        D        E       F      G
               +--------+--------+--------+--------+--------+-----+--------+
         Total |   5929 |   5698 |    231 |    475 |   4533 |   8 |  741.1 |
       Dungeon |   5848 |   5630 |    218 |    475 |   4467 |   7 |  835.4 |
        Temple |     80 |     67 |     13 |      0 |     66 |   1 |   80.0 |
               +--------+--------+--------+--------+--------+-----+--------+

Top non-repeatable levels by time:
     D:5: 1213 daAuts
     D:2: 1111 daAuts
     D:6: 912 daAuts
     D:1: 820 daAuts
     D:4: 775 daAuts
     D:3: 695 daAuts
     D:7: 320 daAuts
  Temple: 80 daAuts
